 Dungeon Crawl Stone Soup version 0.30-a0-359-gd0147acb1a (webtiles) character file.

Game seed: 17552669998188605086

17670 Perikles the Fighter (level 12, -1/145 HPs)
             Began as a Demonspawn Berserker on Nov 9, 2022.
             Was an Elder of Trog.
             Slain by a wyvern (10 damage)
             ... on level 2 of the Lair of Beasts on Nov 12, 2022.
             The game lasted 01:46:59 (12680 turns).

Perikles the Fighter (Demonspawn Berserker)        Turns: 12680, Time: 01:47:00

Health: -1/145     AC: 12    Str: 18    XL:     12   Next: 20%
Magic:  12/12      EV: 21    Int:  8    God:    Trog [****..]
Gold:   679        SH:  0    Dex: 17    Spells: 11/11 levels left

rFire   . . .      SeeInvis .    K - +0 halberd (flame)
rCold   + + .      Faith    +    (shield currently unavailable)
rNeg    + . .      Spirit   .    w - +2 robe {rC+}
rPois   +          Reflect  .    (no helmet)
rElec   .          Harm     .    S - +2 ratskin cloak {*Rats rPois rN+ Str-1 Int-1 Dex+1}
rCorr   .          Rampage  .    (no gloves)
Will    .....                    G - +0 pair of boots
Stlth   ..........               f - amulet of faith
HPRegen 0.44/turn                k - +4 ring of evasion
MPRegen 0.13/turn                (no ring)

@: berserking, very quick
A: claws 1, icy blue scales 3, powered by death 2, demonic magic 2
a: Renounce Religion, Berserk, Trog's Hand, Brothers in Arms


You were on level 2 of the Lair of Beasts.
You worshipped Trog.
Trog was greatly pleased with you.
You visited 4 branches of the dungeon, and saw 14 of its levels.

You collected 679 gold pieces.

Inventory:

Hand Weapons
 a - a +6 hand axe of freezing
 b - a +2 dagger of venom
 n - a +3 spear of freezing
 K - a +0 halberd of flaming (weapon)
 M - a +1 antimagic dagger
 P - a +0 short sword of venom
 Z - a +0 battleaxe
Missiles
 u - 24 poisoned darts
 F - 18 boomerangs (quivered)
 N - 4 silver javelins
Armour
 o - a +2 robe of the Archmagi
 v - the +2 robe of the Shoals {Int+2}
   (You took it off a gnoll on level 3 of the Dungeon)

   Int:       It affects your intelligence (+2).
 w - a +2 robe of cold resistance (worn)
 A - a +3 leather armour of poison resistance
 G - a +0 pair of boots (worn)
 S - the +2 ratskin cloak (worn) {*Rats rPois rN+ Str-1 Int-1 Dex+1}
   (You found it on level 1 of the Lair of Beasts)

   When the wearer is hurt, rats may emerge from it to assist them.
   Str:       It affects your strength (-1).
   Int:       It affects your intelligence (-1).
   Dex:       It affects your dexterity (+1).
   rPois:     It protects you from poison.
   rN:        It protects you from negative energy.
 V - a scarf of repulsion
 Y - a +1 robe of cold resistance
Jewellery
 c - an amulet of guardian spirit
 f - an amulet of faith (around neck)
 k - a +4 ring of evasion (left claw)
 E - an amulet of the acrobat
Wands
 U - a wand of charming (7)
 X - a wand of roots (5)
Scrolls
 d - a scroll of poison {unknown}
 e - 3 scrolls of identify
 g - 3 scrolls of fear
 p - a scroll of torment {unknown}
 s - 2 scrolls of noise {unknown}
 y - a scroll of magic mapping {unknown}
 z - 2 scrolls of amnesia {unknown}
 C - 3 scrolls of teleportation {unknown}
 T - a scroll of immolation {unknown}
 W - a scroll of acquirement {unknown}
Potions
 h - 6 potions of curing
 i - 4 potions of haste {unknown}
 j - a potion of might {unknown}
 l - 2 potions of heal wounds
 q - a potion of berserk rage
 r - 2 potions of attraction {unknown}
 t - a potion of mutation {unknown}
 x - 2 potions of cancellation {unknown}
 B - a potion of flight {unknown}
 D - a potion of lignification {unknown}


   Skills:
 * Level 9.7 Fighting
 + Level 8.0 Short Blades
 * Level 7.7 Axes
 + Level 1.1 Ranged Weapons
 * Level 6.0 Throwing
 + Level 4.4 Armour
 * Level 9.4 Dodging
 + Level 4.7 Stealth
 + Level 0.2 Evocations


You had 11 spell levels left.
You didn't know any spells.
Your spell library was empty.

Dungeon Overview and Level Annotations

Branches:
Dungeon (9/15)             Temple (1/1) D:7            Lair (3/5) D:9
  Swamp (0/4) Lair:2        Snake (1/4) Lair:2
    Orc: D:9-12

Altars:
Ashenzari
Dithmenos
Fedhas
Gozag
Hepliaklqana
Kikubaaqudgha
Makhleb
Nemelex Xobeh
Okawaru
Ru
Sif Muna
Uskayaw
Vehumet
Wu Jian
Xom


Innate Abilities, Weirdness & Mutations

You have sharp fingernails.
You are completely covered in icy blue scales. (AC +4, rC+)
You regenerate health from kills.
Spells you cast may paralyse nearby enemies.


Message History

Trog accepts your kill.
The grasping roots constrict the wyvern.
The roots release their grip on the wyvern.
You closely miss the wyvern.
The wyvern is moderately wounded.
A water moccasin comes into view.
The wyvern completely misses you. x2
You hit the wyvern. You burn the wyvern.
The wyvern is moderately wounded.
The wyvern completely misses you. The wyvern attacks as you move away!
The wyvern closely misses you. The wyvern completely misses you.
The wyvern attacks as you move away! The wyvern bites you!
* * * LOW HITPOINT WARNING * * *
There is a stone staircase leading up here.
The wyvern barely misses you. The wyvern completely misses you.
You climb upwards.
There is a stone staircase leading down here.
You barely miss the wyvern.
The wyvern is moderately wounded.
The wyvern misses you. The wyvern barely misses you.
You hit the wyvern but do no damage.
The wyvern is moderately wounded.
The wyvern bites you!
* * * LOW HITPOINT WARNING * * *
The wyvern closely misses you.
A red film seems to cover your vision as you go berserk!
You feel yourself moving faster!
You feel mighty! The wyvern closely misses you.
You hit the wyvern. You burn the wyvern.
The wyvern is heavily wounded.
The wyvern bites you.
* * * LOW HITPOINT WARNING * * *
You barely miss the wyvern.
The wyvern is heavily wounded.
The wyvern misses you. The wyvern closely misses you.
You hit the wyvern but do no damage.
The wyvern is heavily wounded.
The wyvern bites you!
You die...

#.........## #....## #...#
#..........# #.....##
###...# #..........#
#....#.#######.....#
#...##.#...#
##................(#
#.#####...##
##.................# #.P#
##..# #..................#
P..# #...##
##.................# ...#
#....# ##..l..............#
..P# #P..P#
#..@...............# #..#
##..####...................
#.##
##.^.#P...................#
#.##
#..........................
#.P#
#..........................
#.##
##..#..##..................
#.##
#...####..................
P..# ##...#
#.................~
P.#####...##
#.................~


You could see a wyvern.

Vanquished Creatures
  3 hydras
  A two-headed ogre (D:8)
  2 bog bodies (Lair:2)
  Pikel (D:7)
  Maurice (D:9)
  2 black mambas
  3 cane toads
  A kobold demonologist (D:6)
  4 komodo dragons
  A rime drake (Lair:2)
  Maggie (D:7)
  15 yaks
  5 wyverns
  3 basilisks
  A steam dragon (D:8)
  Menkaure (D:7)
  3 nagas (Lair:2)
  3 water moccasins
  A sky beast (D:6)
  2 ice beasts (D:7)
  2 orc warriors
  3 black bears
  3 ogres
  6 wolves (Lair:1)
  A centaur (D:9)
  3 kobold brigands
  11 bullfrogs
  2 gnoll sergeants
  3 scorpions
  2 necrophages
  15 wights
  3 killer bees (D:9)
  2 howler monkeys
  2 jellies
  4 hounds
  A gnoll bouda (D:6)
  2 orc priests
  5 iguanas
  9 orc wizards
  8 adders
  11 gnolls
  A white imp (D:6)
  An ufetubus (D:6)
  3 worms
  A dart slug (D:5)
  28 orcs
  10 ball pythons
  2 bats
  9 endoplasms
  4 giant cockroaches
  8 goblins
  6 hobgoblins
  4 jackals
  17 kobolds
  A quokka (D:1)
  7 frilled lizards
  5 rats
259 creatures vanquished.

Vanquished Creatures (collateral kills)
  A catoblepas (Lair:2)
  A komodo dragon (Lair:2)
  3 nagas (Lair:2)
5 creatures vanquished.

Vanquished Creatures (others)
  34 fungi
  31 plants
65 creatures vanquished.

Grand Total: 329 creatures vanquished

Notes
Turn   | Place    | Note
-------+----------+-------------------------------------------
     0 | D:1      | Perikles the Demonspawn Berserker began the quest for the
                  | Orb.
     0 | D:1      | Reached XP level 1. HP: 18/18 MP: 1/1
   160 | D:1      | Gained mutation: You are partially covered in icy blue
                  | scales. (AC +2) [demonic ancestry]
   160 | D:1      | Reached XP level 2. HP: 19/24 MP: 2/2
   617 | D:2      | Reached XP level 3. HP: 29/29 MP: 3/3
   713 | D:2      | Reached ** piety under Trog
  1188 | D:3      | Found a faded altar of an unknown god.
  1212 | D:3      | Gained mutation: Spells you cast may paralyse adjacent
                  | enemies. [demonic ancestry]
  1212 | D:3      | Reached XP level 4. HP: 24/37 MP: 4/4
  1359 | D:3      | Found a sacrificial altar of Ru.
  1359 | D:3      | Found a shimmering blue altar of Sif Muna.
  1429 | D:3      | Reached skill level 1 in Short Blades
  1728 | D:3      | Gained mutation: You regenerate a little health from kills.
                  | [demonic ancestry]
  1728 | D:3      | Reached XP level 5. HP: 30/42 MP: 5/5
  1745 | D:3      | Identified the +2 robe of the Shoals {Int+2}
  1746 | D:3      | Reached *** piety under Trog
  2456 | D:4      | Found a shimmering altar of Xom.
  2598 | D:4      | Reached skill level 1 in Stealth
  2824 | D:4      | Gained mutation: You are mostly covered in icy blue scales.
                  | (AC +3) [demonic ancestry]
  2824 | D:4      | Reached XP level 6. HP: 38/48 MP: 6/6
  3277 | D:5      | Entered Level 5 of the Dungeon
  3337 | D:5      | Found a burning altar of Makhleb.
  3338 | D:5      | Found a hazy altar of Hepliaklqana.
  3340 | D:5      | Found an iron altar of Okawaru.
  3485 | D:5      | Reached skill level 1 in Ranged Weapons
  3770 | D:5      | Gained mutation: You are completely covered in icy blue
                  | scales. (AC +4, rC+) [demonic ancestry]
  3770 | D:5      | Reached XP level 7. HP: 44/55 MP: 7/7
  3866 | D:5      | Reached **** piety under Trog
  4420 | D:6      | Reached skill level 5 in Fighting
  4420 | D:6      | Reached skill level 1 in Throwing
  4447 | D:6      | Gained mutation: You have sharp fingernails. [demonic
                  | ancestry]
  4447 | D:6      | Reached XP level 8. HP: 57/62 MP: 8/8
  5113 | D:6      | Noticed a kobold demonologist
  5123 | D:6      | Reached skill level 5 in Dodging
  5137 | D:6      | Noticed a rust devil
  5137 | D:6      | Killed a kobold demonologist
  5138 | D:6      | Reached skill level 5 in Short Blades
  5317 | D:6      | Gained mutation: Spells you cast may paralyse nearby
                  | enemies. [demonic ancestry]
  5317 | D:6      | Reached XP level 9. HP: 69/69 MP: 9/9
  5689 | D:7      | Noticed Pikel
  5727 | D:7      | Killed Pikel
  5821 | D:7      | Found a staircase to the Ecumenical Temple.
  5827 | Temple   | Entered the Ecumenical Temple
  6104 | D:7      | Found an opulent altar of Gozag.
  6189 | D:7      | Noticed Menkaure
  6280 | D:7      | Noticed Maggie
  6560 | D:7      | Killed Menkaure
  6665 | D:7      | Killed Maggie
  6666 | D:7      | Reached XP level 10. HP: 79/79 MP: 10/10
  7549 | D:8      | Noticed a two-headed ogre
  7569 | D:8      | Killed a two-headed ogre
  7798 | D:9      | Noticed Maurice
  8407 | D:9      | Reached skill level 5 in Axes
  9049 | D:9      | Killed Maurice
  9072 | D:9      | Found a staircase to the Lair.
  9145 | Lair:1   | Entered Level 1 of the Lair of Beasts
  9145 | Lair:1   | Noticed a cane toad
  9167 | Lair:1   | Killed a cane toad
  9228 | Lair:1   | Reached XP level 11. HP: 42/87 MP: 11/11
  9376 | Lair:1   | Reached skill level 5 in Throwing
  9541 | Lair:1   | Found the +2 ratskin cloak {*Rats rPois rN+ Str-1 Int-1
                  | Dex+1}
 10401 | Lair:2   | Reached ***** piety under Trog
 10458 | Lair:2   | Found a staircase to the Snake Pit.
 10618 | Snake:1  | Entered Level 1 of the Snake Pit
 10660 | Lair:2   | Found a staircase to the Swamp.
 10660 | Lair:2   | Noticed a bog body
 10661 | Lair:2   | Noticed a bog body
 10693 | Lair:2   | Killed a bog body
 11236 | Lair:2   | Noticed a four-headed hydra
 11253 | Lair:2   | Killed a one-headed hydra
 11510 | Lair:2   | Killed a bog body
 11515 | Lair:2   | HP: 5/133 [constriction (2)]
 11910 | Lair:2   | Noticed a catoblepas
 11920 | Lair:2   | Killed a catoblepas
 11921 | Lair:2   | Gained mutation: You regenerate health from kills. [demonic
                  | ancestry]
 11921 | Lair:2   | Reached XP level 12. HP: 32/96 MP: 12/12
 12183 | Lair:2   | Noticed an eight-headed hydra
 12200 | Lair:2   | Killed a two-headed hydra
 12463 | Lair:2   | Upgraded the game from 0.30-a0-358-g0d69a1922f to
                  | 0.30-a0-359-gd0147acb1a
 12643 | Lair:3   | Noticed an eight-headed hydra
 12668 | Lair:3   | Killed a seven-headed hydra
 12680 | Lair:2   | Slain by a wyvern

Illustrated notes

Levels and vault maps discovered:
D:1:      heliophobic_arrival_dark_side_of_the_moon, layout_rooms
D:2:      layout_loops_ring, kennysheep_generic_room_15
D:3:      layout_loops_cross, amethyst_overflow_temple_binary,
          basic_ecumenical_altar, minmay_misc_feat_tower
D:4:      layout_gridville, xom_teletrap_fun, hangedman_abyss_or_decor_stagger
D:5:      layout_basic, minitemple
D:6:      minmay_thinvault, layout_loops_ring, kennysheep_cross_room
D:7:      layout_rooms, grunt_gozag_breadcrumbs, minmay_temple_entry_hall,
          serial_park_tiny_pond, uniq_menkaure, uniq_pikel, uniq_maggie
D:8:      layout_basic
D:9:      layout_loops_corners, grunt_lair_entry_orc_guard_hut, uniq_maurice
Temple:   eino_temple_lava
Lair:1:   layout_loops_ring
Lair:2:   layout_long_grid, skrybe_swamp_entry_bodies,
          minmay_snake_entry_guardpost_medium, lemuel_fruit_tree,
          grunt_megastairs_2
Lair:3:   layout_chaotic_city, wad_woods_river_01
Snake:1:  layout_misc_corridors, grunt_megastairs_4

Skill      XL: |  1  2  3  4  5  6  7  8  9 10 11 12 |
---------------+-------------------------------------+-----
Axes           | 3 4 5 7 |  7.7
Dodging        | 2 3 4 5 6 8 9 |  9.4
Fighting       | 4 5 7 8 9 |  9.7
Short Blades   | 1 2 3 5 6 7 8 |  8.0
Armour         | 2 3 4 |  4.4
Stealth        | 1 2 3 4 |  4.7
Ranged Weapons | 1 |  1.1
Throwing       | 1 2 3 4 5 6 |  6.0
Evocations     | |  0.2

Action                   |  1- 3 |  4- 6 |  7- 9 | 10-12 || total
-------------------------+-------+-------+-------+-------++-------
Melee: Dagger            |   108 |   204 |   271 |   181 ||   764
       Punch             |     1 |     3 |     8 |    13 ||    25
       Hand axe          |       |     3 |    97 |   307 ||   407
       Halberd           |       |       |    28 |    22 ||    50
 Fire: Sling             |     7 |     3 |       |       ||    10
Throw: Stone             |     2 |     1 |     2 |       ||     5
       Javelin           |       |       |    16 |    38 ||    54
       Boomerang         |       |       |       |     6 ||     6
       Dart              |       |       |       |     5 ||     5
Invok: Berserk           |       |     2 |     6 |     4 ||    12
       Trog's Hand       |       |       |     2 |     2 ||     4
       Brothers in Arms  |       |       |       |     2 ||     2
Evoke: Wand              |       |       |       |     3 ||     3
  Use: Potion            |       |     1 |       |     2 ||     3
       Scroll            |       |     3 |     2 |     4 ||     9
 Stab: Sleeping          |     1 |     1 |     6 |     8 ||    16
       Distracted        |       |     1 |       |     1 ||     2
Armor: Animal skin       |    17 |       |       |       ||    17
       Leather armour    |    10 |    36 |    88 |   100 ||   234
       Robe              |       |    12 |    16 |    20 ||    48
       Skin              |       |       |       |     2 ||     2
Dodge: Dodged            |    71 |   125 |   272 |   457 ||   925

Table legend: (Time is in decaauts)
 A = Elapsed time spent in this place.
 B = Non-inter-level travel time spent in this place.
 C = Inter-level travel time spent in this place.
 D = Time resting spent in this place.
 E = Time spent auto-exploring this place.
 F = Levels seen in this place.
 G = Mean time per level.
                   A        B        C        D        E       F      G
               +--------+--------+--------+--------+--------+-----+--------+
         Total |  12695 |  12291 |    404 |   2223 |   3140 |  14 |  906.8 |
       Dungeon |   9113 |   8734 |    379 |   1173 |   2453 |   9 | 1012.6 |
        Temple |     31 |     31 |      0 |      0 |      0 |   1 |   31.0 |
          Lair |   3524 |   3499 |     25 |   1050 |    687 |   3 | 1174.7 |
     Snake Pit |     25 |     25 |      0 |      0 |      0 |   1 |   25.0 |
               +--------+--------+--------+--------+--------+-----+--------+

Top non-repeatable levels by time:
  Lair:2: 2157 daAuts
     D:6: 1818 daAuts
     D:9: 1328 daAuts
     D:3: 1266 daAuts
  Lair:1: 1178 daAuts
     D:7: 997 daAuts
     D:8: 948 daAuts
     D:4: 825 daAuts
     D:5: 742 daAuts
     D:1: 609 daAuts
     D:2: 575 daAuts
  Lair:3: 188 daAuts
  Temple: 31 daAuts
 Snake:1: 25 daAuts
